 Dungeon Crawl Stone Soup version 0.23.1 (webtiles) character file.

Game seed: 12224406299065894450

70 Borgoz the Sneak (level 4, 0/31 (35) HPs)
             Began as a Ghoul Enchanter on Mar 3, 2019.
             Slain by a scorpion (5 damage)
             ... on level 3 of the Dungeon.
             The game lasted 00:03:17 (2372 turns).

Borgoz the Sneak (Ghoul Enchanter)                  Turns: 2372, Time: 00:03:18

HP:   0/31 (35)     AC:  4    Str: 11    XL:     4   Next: 22%
MP:   4/5           EV: 12    Int: 10    God:
Gold: 51            SH:  0    Dex: 10    Spells: 3/6 levels left

rFire    . . .     SeeInvis .   a - +1 dagger
rCold    + . .     Gourm    .   (no shield)
rNeg     + + +     Faith    .   b - +0 robe
rPois    ∞         Spirit   .   r - +0 helmet
rElec    .         Reflect  .   n - scarf {cloud immunity}
rCorr    .         Harm     .   o - +0 pair of gloves
MR       .....                  (no boots)
Stlth    ++........             (no amulet)
HPRegen  0.00/turn              (no ring)
MPRegen  0.09/turn              (no ring)

@: rotting
A: rotting body, claws 1, carnivore, cold resistance 1, negative energy
resistance 3, inhibited regeneration, torment resistance, unbreathing
a: no special abilities


You were on level 3 of the Dungeon.
You were not hungry.

You visited 1 branch of the dungeon, and saw 3 of its levels.

You collected 51 gold pieces.

Inventory:

Hand Weapons
 a - a +1 dagger (weapon)
Armour
 b - a +0 robe (worn)
 n - a scarf of cloud immunity (worn)
 o - a +0 pair of gloves (worn)
 r - a +0 helmet (worn)
Jewellery
 f - an uncursed amulet of faith
 v - a +3 amulet of reflection {unknown}
Scrolls
 c - a scroll of noise {unknown}
 e - a scroll of magic mapping {unknown}
 g - 3 scrolls of remove curse {unknown}
 k - a scroll of teleportation {unknown}
 l - a scroll of identify {unknown}
 m - a scroll of blinking {unknown}
 t - a scroll of enchant armour {unknown}
 u - a scroll of enchant weapon {unknown}
Potions
 h - a potion of flight {unknown}
 i - 2 potions of degeneration {unknown}
 j - a potion of agility {unknown}
 p - a potion of invisibility {unknown}
 q - a potion of curing {unknown}
 s - a potion of cancellation {unknown}
 w - a potion of ambrosia {unknown}
Comestibles
 d - 5 rations


   Skills:
 + Level 1.2 Fighting
 * Level 2.2 Short Blades
 + Level 0.8 Throwing
 + Level 0.9 Armour
 * Level 2.4 Dodging
 - Level 3.2 Stealth
 - Level 1.7 Spellcasting
 - Level 2.4 Hexes


You had 3 spell levels left.
You knew the following spells:

 Your Spells              Type           Power        Failure   Level  Hunger
a - Corona                Hex            #......      12%         1    ##.....
b - Ensorcelled Hibernat  Hex/Ice        #.....       30%         2    ###....

Your spell library contained the following spells:

 Spells                   Type           Power        Failure   Level  Hunger
 Confuse                  Hex            #.......     34%         3    ####...
 Tukima's Dance           Hex            #.......     34%         3    ####...
 Dazzling Spray           Conj/Hex       #.....       52%         3    ####...


Dungeon Overview and Level Annotations

Branches:
Dungeon (3/15)

Altars:


Innate Abilities, Weirdness & Mutations

Your body is rotting away.
You thrive on raw meat.
You are immune to poison.
You have sharp fingernails.
You are carnivorous and can eat meat at any time.
Your flesh is cold resistant. (rC+)
You are immune to negative energy. (rN+++)
You do not regenerate when monsters are visible.
You are immune to unholy pain and torment.
You can survive without breathing.


Message History

You hit the scorpion but do no damage. The scorpion misses you.
You hit the scorpion but do no damage. The scorpion barely misses you.
You hit the scorpion but do no damage. The scorpion stings you.
You hit the scorpion but do no damage. You hit the scorpion but do no damage.
The scorpion stings you.
You completely miss the scorpion. The scorpion stings you.
You are too injured to fight recklessly!
You are too injured to fight recklessly!
You are too injured to fight recklessly!
You are too injured to fight recklessly!
You are too injured to fight recklessly!
You are too injured to fight recklessly!
You are too injured to fight recklessly!
You are too injured to fight recklessly!
You are too injured to fight recklessly!
You are too injured to fight recklessly!
You hit the scorpion but do no damage. The scorpion stings you!
* * * LOW HITPOINT WARNING * * *
You hit the scorpion but do no damage. The scorpion stings you.
You die...

.....# #.#.. .....#
#.#.## .....# #.#.. .#
.....# #.#.###### .#
###########.#....... #.#
.................... ..#
##.......##......... ..#
.'.......############..#
.#..............@sr....#
#.......#########.....#
.............
+..........
#############
#......#### #......#
#......# #.......#
#.....#.# #........


You could see a scorpion and a quokka.

Vanquished Creatures
  A gnoll (D:1)
  An adder (D:3)
  A worm (D:2)
  A leopard gecko (D:1)
  2 bats (D:1)
  2 giant cockroaches (D:1)
  5 goblins
  4 hobgoblins (D:1)
  5 jackals
  10 kobolds
  2 quokkas (D:2)
  A ball python (D:1)
  4 frilled lizards
  6 rats
45 creatures vanquished.

Notes
Turn   | Place    | Note
-------+----------+-------------------------------------------
     0 | D:1      | Borgoz the Ghoul Enchanter began the quest for the Orb.
     0 | D:1      | Reached XP level 1. HP: 14/14 MP: 2/2
    22 | D:1      | Reached skill level 1 in Short Blades
   211 | D:1      | Reached XP level 2. HP: 9/22 MP: 3/3
   214 | D:1      | HP: 1/22 [jackal (3)]
   237 | D:1      | Learned a level 2 spell: Ensorcelled Hibernation
   513 | D:1      | Reached XP level 3. HP: 10/27 MP: 4/4
   716 | D:1      | Reached skill level 1 in Fighting
  1809 | D:2      | Reached XP level 4. HP: 21/33 MP: 5/5
  2372 | D:3      | Slain by a scorpion

Skill      XL: |  1  2  3 |
---------------+----------+-----
Short Blades   | 1 2 |  2.2
Dodging        | 2 |  2.4
Fighting       | 1 |  1.2
Throwing       | |  0.8
Armour         | |  0.9
Stealth        | |  3.2
Spellcasting   | |  1.7
Hexes          | |  2.4

Action                   |  1- 3 |  4- 6 || total
-------------------------+-------+-------++-------
Melee: Dagger            |   210 |    26 ||   236
 Cast: Corona            |       |     1 ||     1
  Use: Potion            |     1 |       ||     1
 Stab: Sleeping          |     3 |     1 ||     4
  Eat: Chunk             |    23 |     1 ||    24
Armor: Robe              |    35 |     6 ||    41
Dodge: Dodged            |   135 |     8 ||   143
